 Dungeon Sprint DCSS version 0.29.1-14-g9c671dbff4 (webtiles) character file.

Game seed: 860701053689508126

117 Ast3rio the Covered (level 4, -21/45 HPs)
             Began as a Minotaur Fighter on Feb 17, 2023.
             Was a Follower of Trog.
             Killed from afar by an ironbound thunderhulk (44 damage)
             ... with a bolt of lightning
             ... in the Dungeon (Sprint V: "Ziggurat Sprint").
             The game lasted 00:02:20 (139 turns).

Ast3rio the Covered (Minotaur Fighter)               Turns: 139, Time: 00:02:21

Health: -21/45     AC:  7    Str: 23    XL:     4   Next: 71%
Magic:  3/3        EV:  9    Int:  5    God:    Trog [*.....]
Gold:   0          SH:  5    Dex:  9    Spells: 3/3 levels left

rFire   . . .      SeeInvis .   a - +0 war axe
rCold   . . .      Faith    .   c - +0 buckler
rNeg    . . .      Spirit   .   b - +0 scale mail
rPois   .          Reflect  .   (helmet restricted)
rElec   .          Harm     .   (no cloak)
rCorr   .          Rampage  .   (no gloves)
Will    .....      NoTele   +   (no boots)
Stlth   ..........              (no amulet)
HPRegen 0.15/turn               (no ring)
MPRegen 0.08/turn               (no ring)

@: no status effects
A: horns 2, retaliatory headbutt
a: Renounce Religion, Berserk


You were in the Dungeon.
You worshipped Trog.
Trog was aware of your devotion.
You visited 1 branch

Inventory:

Hand Weapons
 a - a +0 war axe (weapon)
 D - a +5 executioner's axe
 E - a +5 triple crossbow
 F - a +5 lajatang
 G - a +5 demon whip
 H - a +5 quick blade
Armour
 b - a +0 scale mail (worn)
 c - a +0 buckler (worn)
Jewellery
 v - a ring of flight
 w - a +6 ring of dexterity
 x - a +6 ring of dexterity
 y - a +6 ring of intelligence
 z - a +6 ring of intelligence
 A - a +6 ring of strength
 B - a +6 ring of strength
 I - the amulet "Catul" {Regen+ Dex+3}
   (You found it in the Dungeon)

   [amulet of regeneration]

   Dex:       It affects your dexterity (+3).
   Regen:     It increases your rate of health regeneration.
Wands
 s - a wand of mindburst (7)
 t - a wand of iceblast (7)
 u - a wand of quicksilver (7)
Scrolls
 j - 4 scrolls of blinking
 o - 4 scrolls of amnesia
 p - 7 scrolls of butterflies
 q - 5 scrolls of identify
 r - 2 scrolls of fear
Potions
 d - 6 potions of might
 e - 10 potions of curing
 f - 10 potions of heal wounds
 g - 6 potions of haste
 h - 7 potions of magic
 i - 3 potions of berserk rage
 k - 2 potions of brilliance
 l - 2 potions of invisibility
 m - 4 potions of resistance
 n - a potion of experience
Miscellaneous
 C - a lightning rod (4/4)


   Skills:
 + Level 6.9 Fighting
 + Level 5.1 Axes
 + Level 7.1 Armour
 + Level 6.8 Shields


You had 3 spell levels left.
You didn't know any spells.
Your spell library was empty.

Dungeon Overview and Level Annotations

Branches:
Dungeon (1/1)

Altars:
Ashenzari
Cheibriados
Dithmenos
Elyvilon
Fedhas
Gozag
Hepliaklqana
Kikubaaqudgha
Makhleb
Nemelex Xobeh
Okawaru
Qazlal
Ru
Sif Muna
Trog
Uskayaw
Vehumet
Wu Jian
Xom
Yredelemnul
Zin
The Shining One
Jiyva
Lugonu


Innate Abilities, Weirdness & Mutations

You have a pair of horns on your head.
You reflexively headbutt those who attack you in melee.


Message History

There is a transporter here.
Welcome to arena 2.
You enter the transporter and appear at another place.
A crimson imp, a ball python skeleton and a quokka skeleton come into view.
The crimson imp shouts!
Found three items.
Found a transporter.
The quokka skeleton bites you.
The ball python skeleton bites you but does no damage.
The ball python skeleton barely misses you.
You slash the quokka skeleton!
You destroy the quokka skeleton!
Trog accepts your kill.
You can now go berserk at will.
You barely miss the crimson imp. You slash the ball python skeleton!
You destroy the ball python skeleton!
Trog accepts your kill. The crimson imp barely misses you.
You block the crimson imp's attack.
You slash the crimson imp!
The crimson imp is severely wounded.
The crimson imp misses you. You furiously retaliate!
You headbutt the crimson imp. You hit the crimson imp.
Your headbutt misses the crimson imp.
The crimson imp is almost dead.
The crimson imp barely misses you. You furiously retaliate!
You headbutt the crimson imp!
You kill the crimson imp!
Trog accepts your kill.
Your Axes skill increases to level 5!
Your Armour skill increases to level 7!
I - the amulet "Catul" {Regen+ Dex+3} You see here a +1 rapier of freezing.
There is a transporter here.
Welcome to arena 3.
You enter the transporter and appear at another place.
A harpy, 2 ironbound thunderhulks and a vault sentinel come into view.
The vault sentinel is wielding a +2 war axe of freezing.
The harpy screeches!
The ironbound thunderhulk shouts! x2
Electricity crackles from the ironbound thunderhulk's apparatus.
The bolt of lightning hits you!!!
Ouch! That really hurt!
You die...

▓▓▓▓▓▓▓▓▓▓▓▓▓▓▓▓▓▓▓
▓.8©8.▓.8©8.▓.8©8.▓
▓.=OO.▓.})..▓.....▓
▓..p..▓.....▓.}.).▓
▓.....▓.....▓.....▓
▓..H..▓.....▓.....▓
▓.....▓.....▓..©..▓
▓..@..▓..©..▓▓▓▓▓▓▓
▓▓▓▓▓▓▓▓▓▓▓▓▓


You could see 2 ironbound thunderhulks, a vault sentinel and a harpy.

Vanquished Creatures
  A phantom (D)
  A crimson imp (D)
  An adder skeleton (D)
  A ball python skeleton (D)
  A quokka skeleton (D)
5 creatures vanquished.

Notes
Turn   | Place    | Note
-------+----------+-------------------------------------------
     0 | D        | Ast3rio the Minotaur Fighter began the quest for the Orb.
     0 | D        | Reached XP level 1. HP: 19/19 MP: 0/0
     0 | D        | Found a shimmering blue altar of Sif Muna.
     0 | D        | Found a bloodstained altar of Trog.
     0 | D        | Found a sacrificial altar of Ru.
     0 | D        | Found a stormy altar of Qazlal.
     0 | D        | Found an iron altar of Okawaru.
     1 | D        | Found a sparkling altar of Nemelex Xobeh.
     1 | D        | Found a blossoming altar of Fedhas.
     1 | D        | Found the +6 Majin-Bo {vamp, MP+6 Int+6}
     1 | D        | Found the +9 heavy crossbow "Sniper" {vorpal, Acc+∞ SInv}
     1 | D        | Found the +10 dark maul {vorpal}
     1 | D        | Found the +15 Maxwell's patent armour {-Cast -Tele rElec
                  | Will+ rCorr}
     1 | D        | Found the +18 shield of the Gong {rElec rN+ Will+ EV-5}
     1 | D        | Found the +14 obsidian axe {vorpal, Mesm Drain Fly SInv}
     1 | D        | Found the +7 great mace "Firestarter" {inner flame, rF++}
     1 | D        | Found the +6 shillelagh "Devastator" {shatter}
     1 | D        | Found the +11 plutonium sword {Contam Stlth-}
     1 | D        | Found the +8 lance "Wyrmbane" {slay drac, rPois rF+ rC+
                  | AC+3}
     1 | D        | Found the +9 sword of Zonguldrok {reap}
     1 | D        | Found the +13 scythe of Curses {drain, Drain}
     1 | D        | Found the +5 sword of Power {vorpal}
     1 | D        | Found the +7 mace of Variability {chain chaos}
     1 | D        | Found the +7 Singing Sword {vorpal, sonic wave}
     1 | D        | Found the +8 storm bow {elec, penet}
     3 | D        | Found a transporter.
     3 | D        | Found an ancient bone altar of Kikubaaqudgha.
     3 | D        | Found a viscous altar of Jiyva.
     3 | D        | Found a corrupted altar of Lugonu.
     3 | D        | Found a hazy altar of Hepliaklqana.
     3 | D        | Found a burning altar of Makhleb.
     3 | D        | Found an opulent altar of Gozag.
    58 | D        | Became a worshipper of Trog the Wrathful
    97 | D        | Entered arena 2.
    97 | D        | Noticed a phantom
    97 | D        | Found a transporter.
   102 | D        | Reached skill level 4 in Armour
   114 | D        | Killed a phantom
   115 | D        | Reached skill level 6 in Armour
   115 | D        | Reached XP level 2. HP: 15/31 MP: 1/1
   115 | D        | Reached XP level 3. HP: 19/38 MP: 2/2
   115 | D        | Reached XP level 4. HP: 22/45 MP: 3/3
   124 | D        | Entered arena 3.
   124 | D        | Found a transporter.
   127 | D        | Reached * piety under Trog
   131 | D        | Reached skill level 5 in Axes
   131 | D        | Reached skill level 7 in Armour
   136 | D        | Got the amulet "Catul" {Regen+ Dex+3}
   139 | D        | Entered arena 4.
   139 | D        | Noticed a harpy
   139 | D        | Noticed an ironbound thunderhulk
   139 | D        | Noticed an ironbound thunderhulk
   139 | D        | Noticed a vault sentinel
   139 | D        | Killed from afar by an ironbound thunderhulk

Illustrated notes

Levels and vault maps discovered:
D:        sprint_v [room_start, room_1, room_2, room_3, room_4, room_5, room_6,
          room_7, room_8, room_9, room_10, room_11, room_12, room_13, room_14,
          room_15, room_16, room_17, room_18, room_19, room_20, room_21,
          room_22, room_23, room_24, room_25, room_26, room_27]

Skill      XL: |  1  2  3  4 |
---------------+-------------+-----
Fighting       | 6 |  6.9
Armour         | 6 7 |  7.1
Shields        | 6 |  6.8
Axes           | 4 5 |  5.1

Action                   |  1- 3 |  4- 6 || total
-------------------------+-------+-------++-------
Melee: War axe           |    15 |     3 ||    18
       Headbutt          |     2 |       ||     2
Armor: Scale mail        |    12 |     1 ||    13
Dodge: Dodged            |     5 |     4 ||     9
Block: Buckler           |     3 |     1 ||     4
